cohdb
Replays
Latest Replays
All Replays
Popular Replays
Top Player Replays
Match Explorer
How It Works
Community
CoH3 Stats
Reddit
Sign in to upload your games and track your stats! →
Sign in with Steam
Match 47186996
Unlisted
Match 47186996
Overview
Messages
Build Orders
End
Construct Infanterie Kompanie
Selects Luftwaffe Battlegroup
Selects Luftwaffe Pioneer Support
MG 42 Machine Gun Team
Fallschirmpioneer Squad Paradrop
GrW 34 Mortar Team
Fallschirmpioneer Squad Paradrop
Selects Stuka Strafing Run
Medical Station
Infanterie Officer Quarters
Sniper
Selects Fallschirmjäger Squad Paradrop
Construct Panzergrenadier Kompanie
Selects LG40 Recoilless Gun Paradrop
Selects LG40 Recoilless Gun Paradrop
LG40 Recoilless Gun Paradrop
Stuka Strafing Run
Yranux
YYJ
羅YS
Psychovgaltis
dfk_7677
george_gen
0
0
Comments
sign in to comment!
No comments posted yet!